 Dungeon Crawl Stone Soup version 0.22.1-2-g9c5b331 (webtiles) character file.

70986 Fang the Severer (level 15, -1/150 HPs)
             Began as a Gargoyle Berserker on Nov 20, 2018.
             Was the Champion of Trog.
             Killed from afar by a deep troll earth mage (11 damage)
             ... with a blast of rock fragments
             ... on level 13 of the Dungeon on Nov 26, 2018.
             The game lasted 00:38:43 (18127 turns).

Fang the Severer (Gargoyle Berserker)              Turns: 18127, Time: 00:38:44

Health: -1/150     AC: 19    Str: 30    XL:     15   Next: 35%
Magic:  15/15      EV: 15    Int: 13    God:    Trog [******]
Gold:   1316       SH:  0    Dex:  9    Spells: 14/14 levels left

rFire    + . .     SeeInvis +   h - +7 battleaxe of Temagg {chop, rC+ Int+3 Stlth+}
rCold    + . .     Gourm    .   (shield currently unavailable)
rNeg     + . .     Faith    .   D - +1 leather armour of the Game Afoot {rPois MR+ Regen+}
rPois    ∞         Spirit   .   (helmet restricted)
rElec    +         Reflect  .   S - +1 cloak of Reason {+Fly}
rCorr    .         Harm     .   (no gloves)
MR       ++...                  (no boots)
Stlth    ..........             l - amulet of regeneration
HPRegen  1.15/turn              f - ring of see invisible
MPRegen  0.14/turn              R - ring "Jihanto" {+Fly rElec rF+}

@: berserking (expiring), flying, studying Bows, very quick
A: big wings, horns 1, negative energy resistance 1, shaggy fur 1, electricity
resistance, unbreathing, petrification resistance, rot immunity, subdued magic
1, AC +11
a: Stop Flying, Berserk, Trog's Hand, Brothers in Arms, Renounce Religion


You were on level 13 of the Dungeon.
You worshipped Trog.
Trog was exalted by your worship.
You were very hungry.

You visited 3 branches of the dungeon, and saw 20 of its levels.
You also visited: Labyrinth.

You collected 1316 gold pieces.

Inventory:

Hand Weapons
 h - the +7 battleaxe of Temagg (weapon) {chop, rC+ Int+3 Stlth+}
   (You acquired it on level 5 of the Lair of Beasts)

   It inflicts extra damage upon your enemies.
   It affects your intelligence (+3).
   It protects you from cold.
   It makes you more stealthy.
 n - a +3 war axe
 v - a +4 battleaxe of flaming
 M - a +1 vampiric executioner's axe
 N - a +1 battleaxe of chopping
 Q - a +1 antimagic battleaxe
Armour
 g - a +3 plate armour
 D - the +1 leather armour of the Game Afoot (worn) {rPois MR+ Regen+}
   (You took it off an orc on level 8 of the Dungeon)

   It protects you from poison.
   It affects your resistance to hostile enchantments.
   It increases your rate of regeneration.
 S - the +1 cloak of Reason (worn) {+Fly}
   (You found it in a labyrinth)

   It lets you fly.
Jewellery
 f - a ring of see invisible (left hand)
 k - a +3 ring of protection
 l - an amulet of regeneration (around neck)
 A - an uncursed ring of positive energy
 C - a +3 ring of intelligence
 R - the ring "Jihanto" (right hand) {+Fly rElec rF+}
   (You found it in a labyrinth)

   [ring of flight]

   It protects you from fire.
   It insulates you from electricity.
   It lets you fly.
Wands
 o - a wand of paralysis (24)
 w - a wand of flame (27)
 x - a wand of digging (15)
 y - a wand of acid (26)
 B - a wand of iceblast (15)
 E - a wand of polymorph (10)
 F - a wand of clouds (7)
 G - a wand of random effects (52)
 L - a wand of scattershot (5)
 P - a wand of enslavement (30)
Scrolls
 b - 7 scrolls of fear
 e - 7 scrolls of teleportation
 m - 2 scrolls of blinking
 z - 3 scrolls of fog
 H - 2 scrolls of identify
 K - 2 scrolls of remove curse
Potions
 d - 5 potions of agility
 i - 2 potions of cancellation
 j - 2 potions of brilliance
 p - a potion of haste
 q - 7 potions of might
 r - 10 potions of curing
 s - 3 potions of berserk rage
 t - 3 potions of lignification
 u - 2 potions of ambrosia
 O - a potion of magic
 U - a potion of heal wounds
Books
 I - a manual of Bows
Comestibles
 a - 2 chunks of flesh
 c - 44 rations


   Skills:
 + Level 13.8 Fighting
 + Level 17.8 Axes
 + Level 8.3 Armour
 + Level 7.2 Dodging
 + Level 6.1 Stealth


You had 14 spell levels left.
You didn't know any spells.
Your spell library was empty.

Dungeon Overview and Level Annotations

Branches:
Dungeon (13/15)            Temple (1/1) D:4            Lair (6/6) D:9
  Swamp (0/4) Lair:4       Spider (0/4) Lair:3        Slime (0/5) Lair:6
    Orc (0/2) D:9
 Vaults: D:13-14

Altars:
Ashenzari
Cheibriados
Elyvilon
Gozag
Kikubaaqudgha
Makhleb
Nemelex Xobeh
Trog
Uskayaw
Vehumet
Wu Jian

Shops:
D:5 :   D:10 %   D:11 ?

Annotations:
Lair:2 exclusion: 2 oklob plants
Lair:6 2 runed doors


Innate Abilities, Weirdness & Mutations

You are resistant to torment.
Your stone body is resilient. (AC +11)
You are immune to poison.
Your large and strong wings let you fly indefinitely.
You resist negative energy. (rN+)
You are resistant to electric shocks. (rElec)
You can survive without breathing.
You are immune to petrification.
You are immune to rotting.
You have a pair of small horns on your head.
You are covered in fur. (AC +1)
Your spells are a little easier to cast, but a little less powerful.


Message History

The meliai barely misses you.
You see here a glowing shapeshifter corpse.
You slash the meliai!
The meliai is almost dead.
The orc knight barely misses you.
A hog comes into view.
Unknown command.
The hog squeals angrily.
You slash the meliai!
You kill the meliai!
Trog accepts your kill.
Unknown command.
The orc knight hits you from afar with a bardiche!
* * * LOW HITPOINT WARNING * * *
Items here: )) [[ † a hand axe; a robe; a hand axe; a leather armour; a meliai corpse You feel a strong urge to attack something.
The deep troll earth mage casts a spell past you.
The wall shatters!
The blast of rock fragments hits you!
You die...

################
#..............#####
#.#######)#######...
#......##..)...##...
######.#######.##...
#†)@...##......#####
#T#######.##########
#o. #........#>.
#h.. #........#.#
#.### #.######....
#.. #......#.... ###
######.#.... #....
#...)


You could see a deep troll earth mage.

Vanquished Creatures
  A minotaur (Lab)
  An ettin (shapeshifter) (D:13)
  An ettin (D:13)
  A great orb of eyes (D:13)
  5 hydras
  Fannar (Lair:2)
  4 centaur warriors
  A catoblepas (D:13)
  A two-headed ogre (D:9)
  Urug (Lair:4)
  A deep troll earth mage (D:10)
  A fire crab (Lair:6)
  3 unseen horrors
  A lindwurm (Lair:4)
  A wolf spider (Lair:1)
  3 deep elf magi (D:12)
  2 ugly things
  5 cyclopes
  2 manticores
  4 elephants (Lair:5)
  5 black mambas
  A molten gargoyle (Lair:6)
  Psyche (D:12)
  3 centaur skeletons
  12 spiny frogs
  4 torpor snails (Lair:2)
  A gargoyle (D:12)
  2 rime drakes
  An efreet (D:13)
  A yaktaur (D:10)
  2 ice devils (Lair:6)
  13 komodo dragons
  A tengu conjurer (D:13)
  2 trolls
  3 meliai (D:13)
  A jumping spider (Lair:3)
  16 blink frogs
  A hornet (Lair:1)
  9 slime creatures
  11 hippogriffs
  13 dream sheep
  A vampire (D:13)
  A water elemental (D:12)
  A wraith (D:11)
  8 wyverns
  2 redbacks (Lair:3)
  44 yaks
  5 basilisks
  3 hungry ghosts
  3 vampire mosquitoes
  A steam dragon (D:9)
  15 water moccasins
  5 hell hounds (Lair:6)
  14 porcupines
  2 ice beasts
  6 sky beasts
  10 orc warriors
  A black bear (D:13)
  9 ogres
  3 phantoms
  A black bear (shapeshifter) (D:13)
  44 wolves
  2 necrophages
  4 centaurs
  A big kobold (D:9)
  12 crocodiles
  15 bullfrogs
  5 scorpions
  10 killer bees
  3 wights (D:8)
  3 electric eels
  A howler monkey (D:4)
  3 crimson imps
  3 centaur zombies
  A quasit (D:12)
  4 lava snakes (Lair:6)
  10 hounds
  13 orc wizards
  15 jellies
  11 orc priests
  3 bullfrog skeletons
  Terence (D:3)
  3 iguanas
  Natasha (thrice) (D:4)
  7 worker ants
  A howler monkey zombie (D:9)
  A worker ant zombie (D:11)
  16 adders
  6 shadow imps
  11 oozes
  2 adder skeletons (D:4)
  5 worms
  2 dart slugs
  4 leopard geckos
  60 orcs
  3 giant cockroaches
  16 goblins
  6 hobgoblins
  9 jackals
  5 quokkas
  8 bats
  4 frilled lizards
  19 kobolds
  A leopard gecko skeleton (D:4)
  2 quokka skeletons
  8 rats
  A butterfly (Lair:2)
  4 fungi
  3 plants
652 creatures vanquished.

Vanquished Creatures (collateral kills)
  A molten gargoyle (Lair:6)
1 creature vanquished.

Vanquished Creatures (others)
  A jelly (D:9)
  A quokka (D:7)
  A fire vortex (Lair:6)
  11 fungi
  2 plants
16 creatures vanquished.

Grand Total: 669 creatures vanquished

Notes
Turn   | Place    | Note
-------+----------+-------------------------------------------
     0 | D:1      | Fang the Gargoyle Berserker began the quest for the Orb.
     0 | D:1      | Reached XP level 1. HP: 14/14 MP: 1/1
   115 | D:1      | Reached XP level 2. HP: 19/19 MP: 2/2
   198 | D:1      | You fall through a shaft!
   257 | D:2      | Reached skill level 3 in Axes
   303 | D:2      | Reached XP level 3. HP: 21/24 MP: 3/3
   358 | D:2      | Reached ** piety under Trog
  1205 | D:1      | Reached XP level 4. HP: 26/29 MP: 4/4
  1500 | D:3      | Reached *** piety under Trog
  1559 | D:3      | Noticed Terence
  1566 | D:3      | Killed Terence
  1566 | D:3      | Reached XP level 5. HP: 34/34 MP: 5/5
  1750 | D:3      | Reached skill level 4 in Axes
  2008 | D:4      | Noticed an ogre
  2015 | D:4      | Killed an ogre
  2015 | D:4      | Reached skill level 5 in Fighting
  2015 | D:4      | Reached XP level 6. HP: 40/40 MP: 6/6
  2124 | D:4      | Reached skill level 5 in Axes
  2159 | D:4      | Noticed Natasha
  2171 | D:4      | Killed Natasha
  2171 | D:4      | Reached **** piety under Trog
  2267 | D:4      | Noticed Natasha
  2274 | D:4      | Reached XP level 7. HP: 41/44 MP: 7/7
  2283 | D:4      | Killed Natasha
  2314 | D:4      | Noticed Natasha
  2324 | D:4      | Killed Natasha
  2328 | D:4      | Reached skill level 6 in Axes
  2671 | D:4      | Found a staircase to the Ecumenical Temple.
  2946 | D:5      | Entered Level 5 of the Dungeon
  2968 | Temple   | Entered the Ecumenical Temple
  3092 | D:5      | Found Icsoetso's Book Shoppe.
  3107 | D:5      | Reached XP level 8. HP: 47/51 MP: 8/8
  3241 | D:5      | Reached skill level 7 in Axes
  3706 | D:6      | Reached skill level 8 in Axes
  3706 | D:6      | Reached skill level 5 in Armour
  3860 | D:6      | Noticed a hippogriff
  3869 | D:6      | Killed a hippogriff
  3869 | D:6      | Reached XP level 9. HP: 56/56 MP: 9/9
  3965 | D:6      | Reached ***** piety under Trog
  4152 | D:6      | Reached skill level 9 in Axes
  4554 | D:7      | Found an opulent altar of Gozag.
  4822 | D:7      | Reached skill level 10 in Axes
  5007 | D:7      | Found a hide-covered altar of Uskayaw.
  5071 | D:7      | Found a white marble altar of Elyvilon.
  5359 | D:8      | Reached XP level 10. HP: 38/64 MP: 10/10
  5787 | D:8      | Found an ornate altar of the Wu Jian Council.
  5789 | D:8      | Found a radiant altar of Vehumet.
  5793 | D:8      | Found a bloodstained altar of Trog.
  5931 | D:8      | Got a distressingly furry leather armour
  5942 | D:8      | Identified the +1 leather armour of the Game Afoot {rPois
                  | MR+ Regen+} (You took it off an orc on level 8 of the
                  | Dungeon)
  6182 | D:9      | Found a staircase to the Lair.
  6189 | D:9      | Received a gift from Trog
  6606 | D:9      | Noticed a two-headed ogre
  6613 | D:9      | Killed a two-headed ogre
  6701 | D:9      | Reached skill level 11 in Axes
  7002 | D:9      | Noticed a cyclops
  7030 | D:9      | Killed a cyclops
  7179 | D:9      | Noticed a centaur warrior
  7190 | D:9      | Killed a centaur warrior
  7190 | D:9      | Reached skill level 1 in Stealth
  7190 | D:9      | Reached XP level 11. HP: 35/69 MP: 11/11
  7344 | D:9      | Found a staircase to the Orcish Mines.
  7568 | D:9      | Reached skill level 12 in Axes
  7642 | D:10     | Entered Level 10 of the Dungeon
  7642 | D:10     | Found Xyqext's Food Emporium.
  7903 | D:10     | Gained mutation: You have a pair of small horns on your
                  | head. [potion of mutation]
  7903 | D:10     | Gained mutation: Your spells are a little easier to cast,
                  | but a little less powerful. [potion of mutation]
  7903 | D:10     | Gained mutation: You are covered in fur. (AC +1) [potion of
                  | mutation]
  8411 | D:10     | Noticed a centaur warrior
  8423 | D:10     | Killed a centaur warrior
  8469 | D:10     | Noticed a deep troll earth mage
  8473 | D:10     | Killed a deep troll earth mage
  8611 | Lair:1   | Entered Level 1 of the Lair of Beasts
  8748 | Lair:1   | Reached skill level 13 in Axes
  9072 | Lair:1   | Received a gift from Trog
  9073 | Lair:1   | Noticed a wolf spider
  9087 | Lair:1   | Killed a wolf spider
  9087 | Lair:1   | Reached XP level 12. HP: 41/77 MP: 12/12
  9262 | Lair:1   | Reached skill level 10 in Fighting
  9689 | Lair:2   | Noticed Fannar
  9699 | Lair:2   | Killed Fannar
  9753 | Lair:2   | Reached skill level 14 in Axes
  9766 | Lair:2   | Found a snail-covered altar of Cheibriados.
 10170 | Lair:2   | Reached ****** piety under Trog
 10702 | Lair:3   | Received a gift from Trog
 10710 | Lair:3   | Reached XP level 13. HP: 80/84 MP: 13/13
 10739 | Lair:3   | Reached skill level 5 in Dodging
 10895 | Lair:3   | Reached skill level 15 in Axes
 11042 | Lair:3   | Found a hole to the Spider Nest.
 11352 | Lair:4   | Noticed Urug
 11370 | Lair:4   | Killed Urug
 11793 | Lair:4   | Found a staircase to the Swamp.
 12623 | Lair:5   | Reached skill level 16 in Axes
 12639 | Lair:5   | Received a gift from Trog
 12648 | Lair:5   | Gained mutation: Your large and strong wings let you fly
                  | indefinitely. [Gargoyle growth]
 12648 | Lair:5   | Reached XP level 14. HP: 92/92 MP: 14/14
 12701 | Lair:5   | Identified a scroll of acquirement
 12704 | Lair:5   | Got an ebony battleaxe
 12705 | Lair:5   | Identified the +7 battleaxe of Temagg {chop, rC+ Int+3
                  | Stlth+} (You acquired it on level 5 of the Lair of Beasts)
 13128 | Lair:6   | Entered Level 6 of the Lair of Beasts
 13265 | Lair:6   | Found a frozen archway.
 13274 | Lair:6   | Received a gift from Trog
 13363 | Lair:6   | Reached skill level 5 in Stealth
 13495 | Lair:6   | Found a large runed door.
 13495 | Lair:6   | Found a large runed door.
 13720 | Lair:6   | Found a staircase to the Slime Pits.
 15077 | D:11     | Found Seammawi's Magic Scroll Shop.
 15092 | D:11     | Received a gift from Trog
 15154 | D:11     | Reached skill level 17 in Axes
 15489 | D:12     | Noticed Psyche
 15498 | D:12     | Killed Psyche
 15757 | D:12     | Found a labyrinth entrance.
 15767 | Lab      | Entered a labyrinth
 17139 | Lab      | Got a sparkling wooden ring
 17140 | Lab      | Got a shimmering cloak
 17153 | D:12     | Identified the +1 cloak of Reason {+Fly} (You found it in a
                  | labyrinth)
 17274 | D:12     | Reached XP level 15. HP: 98/99 MP: 15/15
 17647 | D:13     | Received a gift from Trog
 17752 | D:13     | Identified the ring "Jihanto" {+Fly rElec rF+} (You found
                  | it in a labyrinth)
 18127 | D:13     | Killed from afar by a deep troll earth mage

Skill      XL: |  1  2  3  4  5  6  7  8  9 10 11 12 13 14 15 |
---------------+----------------------------------------------+-----
Axes           | 3 4 5 6 8 10 11 13 14 16 17 | 17.8
Fighting       | 4 5 6 7 8 9 10 12 13 | 13.8
Armour         | 3 4 5 6 7 8 |  8.3
Dodging        | 2 4 6 7 |  7.2
Stealth        | 1 3 4 5 6 |  6.1

Action                   |  1- 3 |  4- 6 |  7- 9 | 10-12 | 13-15 || total
-------------------------+-------+-------+-------+-------+-------++-------
Melee: Hand axe          |   120 |    79 |       |       |       ||   199
       War axe           |       |   131 |   382 |    77 |       ||   590
       Battleaxe         |       |       |       |   361 |   689 ||  1050
       Headbutt          |       |       |       |    41 |   132 ||   173
Invok: Berserk           |       |     1 |     4 |     4 |     7 ||    16
       Brothers in Arms  |       |       |       |       |     1 ||     1
 Abil: Fly               |       |       |       |       |     1 ||     1
  Use: Scroll            |       |       |       |    29 |     8 ||    37
       Potion            |       |       |       |     1 |       ||     1
 Stab: Sleeping          |       |       |       |     5 |     9 ||    14
       Distracted        |       |       |       |       |     2 ||     2
  Eat: Chunk             |     1 |     5 |    14 |    20 |    24 ||    64
       Ration            |       |       |       |     1 |     2 ||     3
Armor: Chain mail        |    54 |       |       |       |       ||    54
       Plate armour      |    22 |   182 |   307 |    52 |       ||   563
       Leather armour    |       |       |       |   221 |   342 ||   563
Dodge: Dodged            |    66 |    82 |   135 |   292 |   458 ||  1033
